 Dungeon Crawl Stone Soup version 0.28-a0-1387-g3a22ab9bdc (webtiles) character file.

Game seed: 8329737094026351427

18 thegreatkingdan the Skirmisher (level 2, -1/26 HPs)
             Began as a Draconian Berserker on Jan 3, 2022.
             Was a Follower of Trog.
             Slain by Terence (10 damage)
             ... on level 2 of the Dungeon.
             The game lasted 00:08:05 (257 turns).

thegreatkingdan the Skirmisher (Draconian Berserker) Turns: 257, Time: 00:08:06

Health: -1/26      AC:  4    Str: 19    XL:     2   Next: 51%
Magic:  2/2        EV: 12    Int:  7    God:    Trog [*.....]
Gold:   13         SH:  0    Dex: 10    Spells: 1/1 levels left

rFire   . . .      SeeInvis .   a - +0 spear
rCold   . . .      Faith    .   (no shield)
rNeg    . . .      Spirit   .   (armour unavailable)
rPois   .          Reflect  .   (helmet restricted)
rElec   .          Harm     .   (no cloak)
rCorr   .          Rampage  .   (no gloves)
Will    .....                   (no boots)
Stlth   +.........              f - amulet of magic regeneration
HPRegen 0.08/turn               (no ring)
MPRegen 0.48/turn               (no ring)

@: no status effects
A: AC +4, unfitting armour, cold-blooded
a: Renounce Religion, Berserk


You were on level 2 of the Dungeon.
You worshipped Trog.
Trog was aware of your devotion.
You visited 1 branch of the dungeon, and saw 2 of its levels.

You collected 13 gold pieces.

Inventory:

Hand Weapons
 a - a +0 spear (weapon)
 e - a +0 club
Missiles
 c - 2 javelins (quivered)
Armour
 b - a +0 leather armour
Jewellery
 f - an amulet of magic regeneration (around neck)
Scrolls
 d - a scroll of vulnerability {unknown}


   Skills:
 + Level 3.6 Fighting
 + Level 3.3 Polearms
 + Level 3.0 Dodging


You had one spell level left.
You didn't know any spells.
Your spell library was empty.

Dungeon Overview and Level Annotations

Branches:
Dungeon (2/15)

Altars:

Annotations:
D:2 Terence


Innate Abilities, Weirdness & Mutations

Your plain brown scales are hard. (AC +4)
You cannot fit into any form of body armour.
You are cold-blooded and may be slowed by cold attacks.


Message History

You closely miss the jackal.
The jackal is moderately wounded.
The jackal bites you but does no damage.
You hit the jackal.
The jackal is almost dead.
The jackal bites you.
You hit the jackal.
You kill the jackal!
Trog accepts your kill. The frilled lizard bites you.
Your Dodging skill increases to level 3!
You hit the frilled lizard.
You kill the frilled lizard!
Trog accepts your kill. The jackal bites you.
You barely miss the jackal.
Your tail-slap misses the jackal.
The jackal bites you but does no damage.
You hit the jackal.
The jackal is moderately wounded.
The jackal closely misses you.
You hit the jackal.
The jackal is severely wounded.
The jackal closely misses you.
The jackal bites you but does no damage.
You hit the jackal.
You kill the jackal!
Trog accepts your kill.
You hit Terence.
Terence is lightly wounded.
Terence hits you but does no damage.
You hit Terence.
Terence is moderately wounded.
Terence hits you with a +0 flail!
You are too injured to fight recklessly!
You are too injured to fight recklessly!
You are too injured to fight recklessly!
You hit Terence.
Terence is heavily wounded.
Terence hits you with a +0 flail!
You die...

#.# #..<..# ..
#.....# #. ##....#
##.####....##
####...#.......#
...............#
#...#.......####
######..............
......†@###...#####.
.######@# ##...# .J!
###.# ..... .#
....... .# .....?...
.# ##....P..##
....♣....


You could see Terence and an endoplasm.

Vanquished Creatures
  A dart slug (D:1)
  A giant cockroach (D:1)
  3 goblins (D:1)
  4 jackals (D:2)
  2 quokkas (D:1)
  A bat (D:1)
  A frilled lizard (D:2)
  A kobold (D:1)
14 creatures vanquished.

Vanquished Creatures (others)
  A withered plant (D:2)
1 creature vanquished.

Grand Total: 15 creatures vanquished

Notes
Turn   | Place    | Note
-------+----------+-------------------------------------------
     0 | D:1      | thegreatkingdan the Draconian Berserker began the quest for
                  | the Orb.
     0 | D:1      | Reached XP level 1. HP: 19/19 MP: 1/1
   128 | D:1      | Reached XP level 2. HP: 20/26 MP: 2/2
   243 | D:2      | Noticed Terence
   257 | D:2      | Slain by Terence

Illustrated notes

Levels and vault maps discovered:
D:1:      evilmike_arrival_rings, layout_basic, chequers_serial_rivers_small_3
D:2:      minmay_roachtagon, layout_loops_ring,
          ebering_ecumenical_altar_petrified, kennysheep_generic_room_10,
          uniq_terence

Skill      XL: |  1  2 |
---------------+-------+-----
Dodging        | 3 |  3.0
Fighting       | |  3.6
Polearms       | |  3.3

Action                   || total
-------------------------++-------
Melee: Spear             ||    44
       Tailslap          ||     3
Armor: Skin              ||    16
Dodge: Dodged            ||    19

Table legend: (Time is in decaauts)
 A = Elapsed time spent in this place.
 B = Non-inter-level travel time spent in this place.
 C = Inter-level travel time spent in this place.
 D = Time resting spent in this place.
 E = Time spent auto-exploring this place.
 F = Levels seen in this place.
 G = Mean time per level.
                   A        B        C        D        E       F      G
               +--------+--------+--------+--------+--------+-----+--------+
         Total |    253 |    253 |      0 |      0 |      0 |   2 |  126.5 |
       Dungeon |    253 |    253 |      0 |      0 |      0 |   2 |  126.5 |
               +--------+--------+--------+--------+--------+-----+--------+

Top non-repeatable levels by time:
     D:1: 212 daAuts
     D:2: 41 daAuts
